 Dungeon Crawl Stone Soup version 0.24.0-123-gd5b16e6ec5 (webtiles) character file.

Game seed: 9103581521802903986, levelgen mode: deterministic

126 FishyPogo the Firebug (level 4, -9/35 HPs)
             Began as a Demonspawn Fire Elementalist on Jan 11, 2020.
             Was an Initiate of Makhleb.
             Mangled by a water moccasin (10 damage)
             ... on level 5 of the Dungeon.
             The game lasted 00:07:01 (2002 turns).

FishyPogo the Firebug (DsFE)                        Turns: 2002, Time: 00:07:03

Health: -9/35      AC:  4    Str:  5 (8)  XL:     4   Next: 84%
Magic:  0/7        EV: 12    Int: 15 (18) God:    Makhleb [......]
Gold:   144        SH:  0    Dex: 10 (13) Spells: 4/7 levels left

rFire    . . .     SeeInvis .   h - +1 whip
rCold    . . .     Gourm    .   (no shield)
rNeg     . . .     Faith    .   a - +0 robe
rPois    .         Spirit   .   (no helmet)
rElec    .         Reflect  .   (no cloak)
rCorr    .         Harm     .   (no gloves)
MR       .....                  (no boots)
Stlth    +.........             e - amulet of magic regeneration
HPRegen  0.11/turn              f - ring of attention (curse)
MPRegen  0.35/turn              (no ring)

@: lethally poisoned (-9 -> -16), flying
A: icy blue scales 1, spiny 1
a: Renounce Religion


You were on level 5 of the Dungeon.
You worshipped Makhleb.
Makhleb was noncommittal.
You were near starving.

You visited 2 branches of the dungeon, and saw 6 of its levels.

You collected 144 gold pieces.

Inventory:

Hand Weapons
 h - a +1 whip (weapon)
Missiles
 b - 3 javelins (quivered)
 g - 57 stones
Armour
 a - a +0 robe (worn)
 m - a +1 chain mail of cold resistance
Jewellery
 e - an amulet of magic regeneration (around neck)
 f - a cursed ring of attention (left hand)
Scrolls
 i - a scroll of remove curse {unknown}
Potions
 j - a potion of degeneration
 k - a potion of curing
Comestibles
 c - 2 rations
 d - 2 chunks of flesh


   Skills:
 + Level 3.4 Fighting
 - Level 2.0 Dodging
 - Level 2.0 Stealth
 - Level 2.0 Spellcasting
 + Level 1.4 Conjurations
 * Level 3.4 Fire Magic


You had 4 spell levels left.
You knew the following spells:

 Your Spells              Type           Power        Failure   Level  Hunger
a - Flame Tongue          Conj/Fire      #....        9%          1    #......
b - Throw Flame           Conj/Fire      #.....       12%         2    ###....

Your spell library contained the following spells:

 Spells                   Type           Power        Failure   Level  Hunger
 Confusing Touch          Hex            #.....       22%         1    #......
 Conjure Flame            Conj/Fire      #.......     24%         3    ###....
 Inner Flame              Hex/Fire       #.......     32%         3    ###....
 Confuse                  Hex            #.......     54%         3    ###....
 Gell's Gravitas          Tloc           #.........   54%         3    ###....
 Sticky Flame             Conj/Fire      #.......     63%         4    #####..
 Petrify                  Tmut/Erth      #.......     91%         4    #####..
 Fireball                 Conj/Fire      #.........   92%         5    ######.
 Metabolic Englaciation   Hex/Ice        #.........   99%         5    ######.
 Yara's Violent Unravell  Hex/Tmut       #.........   99%         5    ######.


Dungeon Overview and Level Annotations

Branches:
Dungeon (5/15)             Temple (1/1) D:4

Altars:
Ashenzari
Cheibriados
Dithmenos
Elyvilon
Gozag
Hepliaklqana
Kikubaaqudgha
Makhleb
Nemelex Xobeh
Okawaru
Qazlal
Ru
Sif Muna
Trog
Uskayaw
Vehumet
Wu Jian
Xom
Yredelemnul
Zin
The Shining One

Annotations:
D:3 Grinder
D:4 Eustachio


Innate Abilities, Weirdness & Mutations

You are partially covered in icy blue scales. (AC +2)
You are partially covered in sharp spines.


Message History

The water moccasin is severely wounded.
* * * LOW HITPOINT WARNING * * *
You feel sick.
The water moccasin is struck by your spines.
The water moccasin bites you.
* * * LOW HITPOINT WARNING * * *
The water moccasin is struck by your spines.
The water moccasin bites you but does no damage.
Casting: Flame Tongue (safe; 9% risk of failure)
Confirm with . or Enter, or press ? or * to list all spells.
Aiming: Flame Tongue (safe; 9% risk of failure)
Press: ? - help, Shift-Dir - straight line, f/p - water moccasin
Aim: a water moccasin (almost dead)
The flame tongue hits the water moccasin.
The water moccasin is almost dead.
* * * LOW HITPOINT WARNING * * *
You feel sick.
The water moccasin is struck by your spines.
The water moccasin bites you!
You die...

,**,,,,,**,****,,,,****,****,,,,,
,,,,,,,,,,,###.,,,,,,*#...,*,,,,,
,,*,,,,**.,#...,***,*#....,,,,,,,
***,,****..##..***..#...#**..,,,,
**,,,,,**......#**#....#**#.##*,,
,,,,,,,,,.......##*#..####...#*#*
+***,***+*##.^...###..#......#.##
∩**,,,**,##...?..S........##.....
**,,,,,**#......@#..........##*..
*,,,,,,,*......###...........#*..
,***+***,.....** #.......÷).###..
,,**,**,,....,,**#........#......
,,,***,,,...,,,,*#.##.o...####...
**,,*,,*,..,**,,.........####....
*,,,,*,,.,,,,............##..<..
**,,,,,,,**,**#.....##....#...###
,,,,,,,,**,,,,#......##...o.##.,,


You could see a water moccasin.

Vanquished Creatures
  2 iguanas (D:5)
  3 adders
  An ooze (D:2)
  A worm (D:2)
  2 dart slugs (D:2)
  3 leopard geckos
  An orc (D:5)
  5 bats
  A giant cockroach (D:1)
  7 hobgoblins
  A ball python (D:1)
  2 frilled lizards
  3 goblins
  3 kobolds (D:1)
  2 rats
37 creatures vanquished.

Notes
Turn   | Place    | Note
-------+----------+-------------------------------------------
     0 | D:1      | FishyPogo the Demonspawn Fire Elementalist began the quest
                  | for the Orb.
     0 | D:1      | Reached XP level 1. HP: 13/13 MP: 3/3
   599 | D:1      | Gained mutation: You are partially covered in icy blue
                  | scales. (AC +2) [demonic ancestry]
   599 | D:1      | Reached XP level 2. HP: 20/20 MP: 3/5
   626 | D:1      | Reached skill level 1 in Fighting
  1105 | D:2      | Gained mutation: You are partially covered in sharp spines.
                  | [demonic ancestry]
  1105 | D:2      | Reached XP level 3. HP: 22/27 MP: 0/6
  1186 | D:2      | Learned a level 2 spell: Throw Flame
  1340 | D:3      | Noticed Grinder
  1423 | D:3      | Reached XP level 4. HP: 33/35 MP: 3/7
  1553 | D:4      | Noticed Eustachio
  1574 | D:4      | Found a staircase to the Ecumenical Temple.
  1581 | Temple   | Entered the Ecumenical Temple
  1637 | Temple   | Became a worshipper of Makhleb the Destroyer
  1892 | D:4      | Found an iron altar of Okawaru.
  1937 | D:4      | Noticed an ogre
  1954 | D:5      | Entered Level 5 of the Dungeon
  1985 | D:5      | Noticed a water moccasin
  2002 | D:5      | HP: 1/35 [poisoned by a water moccasin]
  2002 | D:5      | Mangled by a water moccasin

Levels and vault maps discovered:
D:1:      nzn_arrival_water_spiral, layout_loops_corners
D:2:      layout_basic
D:3:      layout_loops_ring, chequers_ecumenical_altar_twisty,
          kennysheep_another_room, uniq_grinder
D:4:      layout_gridville, minmay_temple_entry_stoned_glass, okawaru_trees_2,
          uniq_eustachio
D:5:      layout_cave_pools, first_ration, basic_altar,
          nicolae_ossuary_entry_giza
Temple:   compressed_dpeg_circular_temple

Skill      XL: |  1  2  3 |
---------------+----------+-----
Stealth        | 2 |  2.0
Fighting       | 1 3 |  3.4
Dodging        | 2 |  2.0
Fire Magic     | 3 |  3.4
Spellcasting   | |  2.0
Conjurations   | |  1.4

Action                   |  1- 3 |  4- 6 || total
-------------------------+-------+-------++-------
Melee: Unarmed           |     9 |       ||     9
       Whip              |    27 |     4 ||    31
Throw: Javelin           |       |     4 ||     4
 Cast: Flame Tongue      |    41 |    24 ||    65
       Throw Flame       |     2 |     4 ||     6
  Use: Scroll            |       |     7 ||     7
       Potion            |       |     4 ||     4
  Eat: Chunk             |     2 |     1 ||     3
Armor: Robe              |    14 |     3 ||    17
Dodge: Dodged            |    16 |    19 ||    35
